 Dungeon Crawl Stone Soup version 0.18.1-8-gdd0e5ea (webtiles) character file.

235 Hipnos the Caller (level 5, -1/37 HPs)
             Began as a Mummy Summoner on May 21, 2016.
             Slain by georgeearnest's ghost (6 damage)
             ... on level 4 of the Dungeon.
             The game lasted 00:10:37 (2392 turns).

Hipnos the Caller (Mummy Summoner)                  Turns: 2392, Time: 00:10:38

Health: -1/37      AC:  3    Str: 12    XL:     5   Next: 76%
Magic:  0/9        EV: 13    Int: 15    God:
Gold:   211        SH:  0    Dex: 12    Spells: 3 memorised, 3 levels left

rFire  x . .     SeeInvis .     c - +0 dagger (venom)
rCold  + + .     Gourm    .     a - +0 robe
rNeg   + + +     Faith    .     (no shield)
rPois  ∞         Spirit   .     (no helmet)
rElec  .         Dismiss  .     k - +0 cloak
rCorr  .         Reflect  .     (no gloves)
SustAt .         Harm     .     (no boots)
MR     .....                    d - amulet of regeneration
Stlth  +++.......               n - ring of protection from cold (curse)
                                j - ring of stealth

@: not resistant to hostile enchantments, fairly stealthy
A: no food or potions, fire vulnerability, cold resistance 1, negative energy
resistance 3, torment resistance, unbreathing
a: no special abilities


You were on level 4 of the Dungeon.
You were not hungry.

You visited 1 branch of the dungeon, and saw 4 of its levels.

You collected 211 gold pieces.

Inventory:

Hand Weapons
 c - a +0 dagger of venom (weapon)
 m - a cursed -3 short sword
Armour
 a - a +0 robe (worn)
 k - a +0 cloak (worn)
Jewellery
 d - an amulet of regeneration (around neck)
 j - a ring of stealth (left hand)
 n - a cursed ring of protection from cold (right hand)
 o - an uncursed ring of sustain attributes {unknown}
Wands
 l - a wand of acid (0/15)
 p - a wand of iceblast (9/15)
Scrolls
 e - 2 scrolls of fog
 f - 2 scrolls of identify {unknown}
 g - 2 scrolls of enchant armour {unknown}
 h - a scroll of random uselessness {unknown}
 i - a scroll of noise {unknown}
 q - a scroll of immolation {unknown}
Books
 b - a book of Callings

   Spells                             Type                      Level
   a - Summon Small Mammal            Summoning                    1
   b - Call Imp                       Summoning                    2
   c - Call Canine Familiar           Summoning                    3
   d - Summon Guardian Golem          Hexes/Summoning              3
   e - Summon Lightning Spire         Summoning/Air                4
   f - Summon Ice Beast               Ice/Summoning                4


   Skills:
 + Level 1.2 Fighting
 + Level 3.2 Dodging
 - Level 1.5 Stealth
 + Level 2.7 Spellcasting
 + Level 4.5 Summonings


You had 3 spell levels left.
You knew the following spells:

 Your Spells              Type           Power        Failure   Level  Hunger
a - Summon Small Mammal   Summ           ###.         3%          1    N/A
b - Call Imp              Summ           ###.....     6%          2    N/A
c - Call Canine Familiar  Summ           ###.....     12%         3    N/A

Dungeon Overview and Level Annotations

Branches:
Dungeon (4/15)
 Temple: D:4-7

Altars:
Makhleb
Ru

Annotations:
D:4 georgeearnest's ghost, novice DrIE


Innate Abilities, Weirdness & Mutations

You do not eat or drink.
Your flesh is vulnerable to fire.
You are immune to poison.
Your flesh is cold resistant.
You are immune to negative energy.
You are immune to unholy pain and torment.
You can survive without breathing.


Message History

Your crimson imp barely misses georgeearnest's ghost.
You hit georgeearnest's ghost but do no damage.
Georgeearnest's ghost is lightly damaged.
Georgeearnest's ghost misses you.
Your crimson imp blinks!
You closely miss georgeearnest's ghost.
Georgeearnest's ghost is lightly damaged.
Georgeearnest's ghost gestures at you while chanting.
The puff of frost hits you! You resist.
You closely miss georgeearnest's ghost.
Georgeearnest's ghost is lightly damaged.
Georgeearnest's ghost hits you!
You feel your power leaking away. Georgeearnest's ghost hits you!
* * * LOW HITPOINT WARNING * * *
Read which item? (? for menu, Esc to quit)
As you read the scroll labeled NOOPLET SE ANU, it crumbles to dust.
The scroll dissolves into smoke.
It was a scroll of fog.
Georgeearnest's ghost hits you.
You die...

##.......#
####.####
#.# #.# #.#
#5# #§#
#h####
#§W@§#
####§§.....
#######


You could see georgeearnest's ghost and a jackal.

Vanquished Creatures
  An orc wizard (D:3)
  4 adders
  An ooze (D:1)
  A dart slug (D:2)
  3 giant geckos
  An orc (D:3)
  3 giant cockroaches
  8 goblins
  6 hobgoblins
  8 kobolds
  2 quokkas (D:2)
  2 ball pythons
  8 bats
  2 giant newts (D:1)
  11 rats
61 creatures vanquished.

Vanquished Creatures (collateral kills)
  An ogre (D:3)
  3 gnolls
  A worm (D:3)
  A giant gecko (D:2)
  2 orcs (D:3)
  2 bats (D:2)
10 creatures vanquished.

Grand Total: 71 creatures vanquished

Notes
Turn   | Place    | Note
--------------------------------------------------------------
     0 | D:1      | Hipnos the Mummy Summoner began the quest for the Orb.
     0 | D:1      | Reached XP level 1. HP: 13/13 MP: 3/3
   147 | D:1      | Reached XP level 2. HP: 10/19 MP: 5/5
   762 | D:1      | Reached XP level 3. HP: 24/24 MP: 6/6
   843 | D:1      | Learned a level 2 spell: Call Imp
   847 | D:1      | Learned a level 3 spell: Call Canine Familiar
  1205 | D:1      | Reached skill level 4 in Summonings
  1431 | D:2      | Reached XP level 4. HP: 25/31 MP: 4/7
  1557 | D:2      | Reached skill level 1 in Fighting
  1718 | D:3      | Found a burning altar of Makhleb.
  1893 | D:3      | Reached XP level 5. HP: 37/37 MP: 8/8
  1899 | D:3      | Found a sacrificial altar of Ru.
  2191 | D:4      | Noticed georgeearnest's ghost (novice DrIE)
  2213 | D:4      | Noticed an ogre
  2305 | D:3      | Killed an ogre
  2392 | D:4      | Slain by georgeearnest's ghost

Skill      XL: |  1  2  3  4  5 |
---------------+----------------+-----
Summonings     | 4 |  4.5
Dodging        | 2 3 |  3.2
Fighting       | 1 |  1.2
Stealth        | |  1.5
Spellcasting   | |  2.7

Action                   |  1- 3 |  4- 6 || total
-------------------------+-------+-------++-------
Melee: Unarmed           |    17 |       ||    17
       Dagger            |    83 |    95 ||   178
 Cast: Summon Small Mamm |     5 |       ||     5
       Call Imp          |     4 |    15 ||    19
Evoke: Wand              |       |     2 ||     2
  Use: Scroll            |       |     1 ||     1
 Stab: Sleeping          |     7 |     4 ||    11
       Distracted        |       |     1 ||     1
Armor: Robe              |    38 |    20 ||    58
Dodge: Dodged            |   100 |    62 ||   162
